 Dungeon Crawl Stone Soup version 0.29-a0-575-g0dc89cf (webtiles) character file.

Game seed: 9298873628924214773

4151 BingusPrime the Grappler (level 10, -3/94 HPs)
             Began as a Troll Transmuter on June 12, 2022.
             Was a Believer of Qazlal.
             Slain by a yak (11 damage)
             ... on level 8 of the Dungeon.
             The game lasted 00:20:04 (5226 turns).

BingusPrime the Grappler (Troll Transmuter)         Turns: 5226, Time: 00:20:05

Health: -3/94      AC:  4    Str: 24    XL:     10   Next: 7%
Magic:  13/16      EV: 11    Int:  9    God:    Qazlal [**....]
Gold:   565        SH:  3    Dex: 10    Spells: 16/19 levels left

rFire   . . .      SeeInvis .     - Unarmed
rCold   . . .      Faith    .   (no shield)
rNeg    + . .      Spirit   .   a - +0 robe
rPois   .          Reflect  .   (helmet currently unavailable)
rElec   .          Harm     .   p - scarf {repulsion}
rCorr   .          Rampage  .   (gloves unavailable)
Will    .....                   (boots unavailable)
Stlth   +.........              (no amulet)
HPRegen 1.05/turn               g - ring of wizardry
MPRegen 0.15/turn               f - ring of positive energy

@: appendages, wereblooded, repel missiles
A: horns 2, talons 2, large, unfitting armour, claws 3, regeneration 1, shaggy
fur 1, tough skin 1
a: End Transformation, Renounce Religion, Upheaval


You were on level 8 of the Dungeon.
You worshipped Qazlal.
Qazlal was pleased with you.
You had temporarily grown beastly horns and talons.
You visited 2 branches of the dungeon, and saw 9 of its levels.
You also visited: Sewer.

You collected 565 gold pieces.

Inventory:

Armour
 a - a +0 robe (worn)
 p - a scarf of repulsion (worn)
Magical Staves
 z - a staff of air
 A - a staff of cold
Jewellery
 f - a ring of positive energy (right claw)
 g - a ring of wizardry (left claw)
 t - a ring of poison resistance
Wands
 n - a wand of polymorph (6)
 v - a wand of iceblast (7)
Scrolls
 c - a scroll of fear
 d - a scroll of torment
 j - 4 scrolls of poison {unknown}
 k - 4 scrolls of teleportation {unknown}
 l - 2 scrolls of summoning {unknown}
 o - a scroll of immolation {unknown}
 r - a scroll of amnesia {unknown}
 x - 3 scrolls of identify
 B - a scroll of blinking {unknown}
 C - a scroll of enchant weapon {unknown}
Potions
 b - a potion of resistance {unknown}
 h - 2 potions of ambrosia
 i - a potion of magic
 m - 2 potions of mutation
 q - 2 potions of berserk rage {unknown}
 s - a potion of invisibility {unknown}
 w - 2 potions of cancellation {unknown}
 D - a potion of degeneration {unknown}
Miscellaneous
 y - a tin of tremorstones (2/2)


   Skills:
 + Level 4.5 Fighting
 + Level 4.8 Dodging
 * Level 8.4 Unarmed Combat
 * Level 5.1 Spellcasting
 + Level 4.4 Transmutations


You had 16 spell levels left.
You knew the following spells:

 Your Spells              Type           Power      Damage    Failure   Level
a - Beastly Appendage     Tmut           20%        N/A       1%          1
b - Wereblood             Tmut           10%        N/A       2%          2

Your spell library contained the following spells:

 Spells                   Type           Power      Damage    Failure   Level
 Spider Form              Tmut/Pois      6%         N/A       12%         3
 Ensorcelled Hibernation  Hex/Ice        4%         N/A       16%         2
 Poisonous Vapours        Pois/Air       4%         N/A       16%         2
 Frozen Ramparts          Ice            4%         1d2       28%         3
 Gell's Gravitas          Tloc           2%         N/A       28%         3
 Lesser Beckoning         Tloc           2%         N/A       28%         3
 Teleport Other           Tloc           2%         N/A       28%         3
 Ice Form                 Ice/Tmut       6%         N/A       36%         4
 Anguish                  Hex/Necr       1%         N/A       65%         4
 Corpse Rot               Necr/Pois/Air  2%         N/A       65%         4
 Summon Ice Beast         Ice/Summ       2%         N/A       65%         4


Dungeon Overview and Level Annotations

Branches:
Dungeon (8/15)             Temple (1/1) D:5           Sewer (visited)
   Lair: D:8-11

Altars:
Ashenzari
Cheibriados
Dithmenos
Elyvilon
Fedhas
Gozag
Hepliaklqana
Kikubaaqudgha
Makhleb
Nemelex Xobeh
Okawaru
Qazlal
Ru
Sif Muna
Trog
Uskayaw
Vehumet
Wu Jian
Xom
Yredelemnul
Zin
The Shining One

Annotations:
D:3 3 runed translucent doors, myxocpahck's ghost, amateur MeTm


Innate Abilities, Weirdness & Mutations

You have temporarily grown beastly horns and talons.
You are too large for most types of armour.
You have claws for hands.
Your natural rate of healing is unusually fast.
You are covered in fur. (AC +1)
You have tough skin. (AC +1)


Message History

Confirm with . or Enter, or press ? or * to list all spells.
Your blood is infused with primal strength.
The yak misses you.
You completely miss the yak. Your kick misses the yak.
Your headbutt misses the yak. The yak barely misses you.
You barely miss the yak. Your kick misses the yak. The yak gores you.
You claw the yak! You claw the yak, but do no damage.
The yak is moderately wounded.
The yak barely misses you.
Your magical contamination has completely faded away.
You claw the yak! You claw the yak. You headbutt the yak.
The yak is severely wounded.
You hear the faint creaking of a very distant portcullis.
The yak gores you!
* * * LOW HITPOINT WARNING * * *
You scratch the yak. You headbutt the yak!
You feel a bit better.
You kill the yak!
Qazlal accepts your kill.
You scratch the yak but do no damage. You claw the yak.
The yak is lightly wounded.
You claw the yak! You claw the yak. You headbutt the yak!
The yak is severely wounded.
The yak gores you but does no damage.
You claw the yak!
You feel a bit better.
You kill the yak!
Qazlal accepts your kill.
You claw the yak! You claw the yak. You claw the yak!
The yak is severely wounded.
The yak gores you!
* * * LOW HITPOINT WARNING * * *
You barely miss the yak.
The yak is severely wounded.
The yak gores you!
* * * LOW HITPOINT WARNING * * *
You scratch the yak. Your kick misses the yak.
The yak is almost dead.
The yak gores you!
* * * LOW HITPOINT WARNING * * *
You feel better. The yak gores you!
You die...

.....####.#......
.........#...### #.YY#
#..#....## #...#
#......... #..Y#
#.........
#...###.##...... #
#.......##......
#...#######.######......
#......@YYYY# #.#....
#...########.......#.#..
# ....)..+.... ......
.[. ...... .. Y..... ..
...... .... .... ....


You could see 4 yaks.

Vanquished Creatures
  Pikel (D:5)
  Prince Ribbit (D:8)
  Sigmund (D:2)
  5 yaks (D:8)
  Menkaure (D:7)
  Duvessa (D:7)
  2 ice beasts (D:7)
  An orc warrior (D:7)
  2 sky beasts (D:7)
  3 black bears
  A centaur (D:7)
  2 phantoms
  A necrophage (D:7)
  2 bullfrogs (Sewer)
  2 scorpions (D:5)
  Dowan (D:7)
  3 killer bees (D:7)
  Crazy Yiuf (D:2)
  4 hounds
  3 jellies
  A gnoll shaman (D:7)
  2 orc priests
  Jessica (D:2)
  3 iguanas
  4 orc wizards
  22 gnolls
  8 adders
  4 river rats (D:6)
  2 white imps
  An ufetubus (D:4)
  A worm (D:4)
  4 dart slugs
  14 orcs
  4 bats
  7 endoplasms
  15 giant cockroaches
  6 goblins
  4 hobgoblins
  3 jackals (D:5)
  6 kobolds
  11 quokkas
  8 ball pythons
  10 frilled lizards
  7 rats
186 creatures vanquished.

Vanquished Creatures (others)
  2 fungi (D:1)
2 creatures vanquished.

Grand Total: 188 creatures vanquished

Notes
Turn   | Place    | Note
-------+----------+-------------------------------------------
     0 | D:1      | BingusPrime the Troll Transmuter began the quest for the
                  | Orb.
     0 | D:1      | Reached XP level 1. HP: 18/18 MP: 1/1
    85 | D:1      | Reached skill level 1 in Fighting
    85 | D:1      | Reached XP level 2. HP: 26/27 MP: 3/3
   222 | D:1      | Reached XP level 3. HP: 33/33 MP: 4/4
   726 | D:2      | Found a basalt altar of Yredelemnul.
   786 | D:2      | Found a faded altar of an unknown god.
   835 | D:2      | Found a runed translucent door.
   836 | D:2      | Noticed Crazy Yiuf
   899 | D:2      | Noticed Sigmund
   912 | D:2      | Killed Sigmund
   913 | D:2      | Reached skill level 4 in Unarmed Combat
   913 | D:2      | Reached XP level 4. HP: 23/42 MP: 4/6
   913 | D:2      | Reached XP level 5. HP: 27/49 MP: 4/7
  1000 | D:2      | Learned a level 2 spell: Wereblood
  1146 | D:2      | Noticed Jessica
  1159 | D:2      | Killed Jessica
  1336 | D:2      | Killed Crazy Yiuf
  1337 | D:2      | Reached XP level 6. HP: 35/57 MP: 6/8
  1462 | D:3      | Found a runed translucent gate.
  1462 | D:3      | Found a runed translucent gate.
  1463 | D:3      | Found a runed translucent gate.
  1470 | D:3      | Noticed myxocpahck's ghost (amateur MeTm)
  2272 | D:4      | Reached skill level 5 in Unarmed Combat
  2272 | D:4      | Reached XP level 7. HP: 47/65 MP: 9/9
  2736 | D:5      | Entered Level 5 of the Dungeon
  3080 | D:5      | Noticed Pikel
  3095 | D:5      | Killed Pikel
  3096 | D:5      | Reached skill level 6 in Unarmed Combat
  3096 | D:5      | Reached XP level 8. HP: 68/75 MP: 8/12
  3190 | D:5      | Found a staircase to the Ecumenical Temple.
  3236 | Temple   | Entered the Ecumenical Temple
  3245 | Temple   | Became a worshipper of Qazlal Stormbringer
  3858 | D:6      | Reached skill level 7 in Unarmed Combat
  4010 | D:6      | Found a glowing golden altar of the Shining One.
  4046 | D:6      | Reached XP level 9. HP: 80/83 MP: 10/14
  4063 | D:6      | Found a glowing drain.
  4074 | Sewer    | Entered a sewer
  4109 | Sewer    | Reached * piety under Qazlal
  4432 | D:7      | Noticed Menkaure
  4439 | D:7      | Reached ** piety under Qazlal
  4441 | D:7      | Killed Menkaure
  4623 | D:7      | Noticed Duvessa
  4623 | D:7      | Noticed Dowan
  4629 | D:7      | Killed Duvessa
  4635 | D:7      | Killed Dowan
  4844 | D:7      | Reached skill level 8 in Unarmed Combat
  5192 | D:8      | Noticed Prince Ribbit
  5199 | D:8      | Killed Prince Ribbit
  5214 | D:8      | Reached skill level 5 in Spellcasting
  5214 | D:8      | Reached XP level 10. HP: 32/94 MP: 13/16
  5225 | D:8      | HP: 1/94 [yak (9)]
  5226 | D:8      | Slain by a yak

Illustrated notes

Levels and vault maps discovered:
D:1:      sevenhm_arrival_forest_fort_small_6, layout_loops_ring,
          dreamdust_mushroom_princess
D:2:      layout_rooms, basic_altar, ebering_ecumenical_altar_abandoned,
          palyth_stone_intersect, uniq_sigmund, uniq_jessica,
          uniq_crazy_yiuf_cottage
D:3:      layout_loops_ring, gammafunk_ghost_split
D:4:      layout_rooms, chequers_serial_rivers_micro_e, patterned_corridor
D:5:      layout_loops_ring, minmay_temple_entry_mini_moons, uniq_pikel
D:6:      layout_rooms, lemuel_tele_altar, portal_sewer_entry_e,
          kennysheep_generic_room_6
D:7:      layout_cave_pools, uniq_duvessa, uniq_menkaure
D:8:      layout_basic, enter_bailey_5, uniq_erica, uniq_prince_ribbit1
Temple:   dpeg_three_leaves_temple

Skill      XL: |  1  2  3  4  5  6  7  8  9 |
---------------+----------------------------+-----
Fighting       | 1 2 3 4 |  4.5
Dodging        | 2 3 4 |  4.8
Unarmed Combat | 4 5 6 7 8 |  8.4
Spellcasting   | 2 3 4 5 |  5.1
Transmutations | 2 3 4 |  4.4

Action                   |  1- 3 |  4- 6 |  7- 9 | 10-12 || total
-------------------------+-------+-------+-------+-------++-------
Melee: Unarmed           |    86 |    97 |   335 |    11 ||   529
       Punch             |     3 |     3 |    10 |     1 ||    17
       Headbutt          |     2 |     6 |    17 |     3 ||    28
       Kick              |     1 |    11 |    33 |     5 ||    50
 Cast: Beastly Appendage |     1 |     7 |    22 |       ||    30
       Wereblood         |       |     5 |    14 |     1 ||    20
Evoke: Wand              |       |       |     1 |       ||     1
  Use: Potion            |     1 |       |     6 |     1 ||     8
       Scroll            |       |     4 |     3 |       ||     7
Armor: Robe              |    33 |    32 |    60 |     1 ||   126
       Skin              |       |       |    63 |       ||    63
Dodge: Dodged            |    43 |    65 |   143 |     3 ||   254
       Repelled          |       |       |     2 |       ||     2
Block: Other             |       |       |     9 |       ||     9

Table legend: (Time is in decaauts)
 A = Elapsed time spent in this place.
 B = Non-inter-level travel time spent in this place.
 C = Inter-level travel time spent in this place.
 D = Time resting spent in this place.
 E = Time spent auto-exploring this place.
 F = Levels seen in this place.
 G = Mean time per level.
                   A        B        C        D        E       F      G
               +--------+--------+--------+--------+--------+-----+--------+
         Total |   5222 |   4984 |    238 |    275 |   3415 |  10 |  522.2 |
       Dungeon |   4850 |   4642 |    208 |    275 |   3369 |   8 |  606.2 |
        Temple |     76 |     46 |     30 |      0 |     39 |   1 |   76.0 |
         Sewer |    295 |    295 |      0 |      0 |      6 |   1 |  295.0 |
               +--------+--------+--------+--------+--------+-----+--------+

Top non-repeatable levels by time:
     D:5: 759 daAuts
     D:1: 718 daAuts
     D:7: 703 daAuts
     D:3: 687 daAuts
     D:2: 664 daAuts
     D:4: 646 daAuts
     D:6: 563 daAuts
   Sewer: 295 daAuts
     D:8: 106 daAuts
  Temple: 76 daAuts
